General information
- name: BNet
- type: Ladder team game (AT/RT)
- host: Battle.net
- saver: N0rthrend
map: TwilightRuins
- players: 8
- length: 54:25
- speed: Fast
- version: 1.28 W3XP
- replay type: Public
» download(303 KB)
Players
team 1 (winner)

»
snakeplisken (
blue | 20 APM | 1073 actions | 54:24)
2 Shadow Hunter
1 Hex
1 Healing Wave
3 Tauren Chieftain
2 Endurance Aura
1 War Stomp
» actions
| Assign group hotkey | 12 | |
| Basic commands | 22 | |
| Build / train | 99 | |
| Enter build submenu | 32 | |
| Enter hero's abilities submenu | 5 | |
| Give item / drop item | 4 | |
| Remove unit from queue | 1 | |
| Right click | 457 | |
| Select / deselect | 281 | |
| Select group hotkey | 51 | |
| Use ability | 109 | |
1073 total
» units
| Peon | 34 | |
| Raider | 10 | |
| Wind Rider | 1 | |
| Troll Batrider | 1 | |
| Goblin Zeppelin | 1 | |
47 total
» upgrades
| Melee Weapons | 2 | |
| Armor | 1 | |
| Pillage | 1 | |
| Spiked Barricades | 1 | |
| Reinforced Defenses | 1 | |
6 total
» buildings
| Altar of Storms | 2 | |
| Orc Burrow | 15 | |
| Voodoo Lounge | 2 | |
| Stronghold | 6 | |
| War Mill | 1 | |
| Beastiary | 7 | |
| Great Hall | 1 | |
| Fortress | 5 | |
| Spirit Lodge | 2 | |
| Farm | 1 | |
42 total
» build order
00:05 Altar of Storms
00:09 Orc Burrow
00:32 Voodoo Lounge
01:37 Orc Burrow
02:38 Stronghold
02:39 Stronghold
02:39 Stronghold
02:55 War Mill
04:08 Orc Burrow
05:04 Beastiary
05:09 Beastiary
05:31 Orc Burrow
05:38 Beastiary
06:47 Great Hall
10:08 Fortress
10:08 Fortress
11:26 Orc Burrow
11:28 Orc Burrow
11:32 Orc Burrow
12:00 Spirit Lodge
12:03 Spirit Lodge
13:29 Orc Burrow
13:32 Orc Burrow
14:58 Orc Burrow
22:07 Orc Burrow
23:07 Orc Burrow
25:59 Voodoo Lounge
27:10 Orc Burrow
27:16 Stronghold
27:16 Stronghold
27:17 Stronghold
28:15 Altar of Storms
29:37 Fortress
29:37 Fortress
29:38 Fortress
30:14 Orc Burrow
30:18 Beastiary
30:24 Beastiary
30:27 Beastiary
30:32 Beastiary
30:38 Orc Burrow
46:06 Farm
» items
| Healing Salve | 3 | |
| Scroll of Speed | 5 | |
| Lesser Clarity Potion | 3 | |
| Orb of Lightning | 1 | |
| Tiny Great Hall | 2 | |
| Potion of Healing | 4 | |
| Scroll of Town Portal | 3 | |
| Ivory Tower | 1 | |
| Orb of Fire | 1 | |
| Scroll of Regeneration | 1 | |
| Potion of Greater Healing | 1 | |
25 total

»
DuffaliciouS (
orange | 83 APM | 2966 actions | 35:56)
8 Blademaster
3 Wind Walk
3 Critical Strike
1 Bladestorm
1 Mirror Image
» actions
| Assign group hotkey | 179 | |
| Basic commands | 15 | |
| Build / train | 84 | |
| Enter build submenu | 23 | |
| Enter hero's abilities submenu | 8 | |
| Give item / drop item | 9 | |
| Remove unit from queue | 2 | |
| Right click | 1423 | |
| Select / deselect | 744 | |
| Select group hotkey | 304 | |
| Use ability | 175 | |
2966 total
» units
| Peon | 20 | |
| Grunt | 9 | |
| Goblin Shredder | 2 | |
| Troll Batrider | 2 | |
| Wind Rider | 3 | |
36 total
» upgrades
| Berserker Strength | 1 | |
| Reinforced Defenses | 1 | |
| Envenomed Spears | 1 | |
| Ranged Weapons | 3 | |
| Liquid Fire | 1 | |
| Spiked Barricades | 1 | |
8 total
» buildings
| Altar of Storms | 2 | |
| Orc Burrow | 7 | |
| Barracks | 1 | |
| Voodoo Lounge | 1 | |
| Stronghold | 3 | |
| Fortress | 2 | |
| Great Hall | 2 | |
| War Mill | 1 | |
| Beastiary | 4 | |
23 total
» build order
00:04 Altar of Storms
00:15 Orc Burrow
00:37 Barracks
01:26 Orc Burrow
01:59 Voodoo Lounge
02:49 Stronghold
02:49 Stronghold
03:22 Orc Burrow
05:10 Fortress
05:10 Fortress
05:35 Great Hall
05:48 War Mill
06:06 Orc Burrow
09:01 Beastiary
09:02 Beastiary
09:03 Beastiary
09:32 Beastiary
09:33 Orc Burrow
09:35 Orc Burrow
17:38 Great Hall
22:49 Orc Burrow
23:55 Altar of Storms
» items
| Healing Salve | 7 | |
| Orb of Lightning | 1 | |
| Claws of Attack +9 | 1 | |
| Potion of Greater Healing | 1 | |
| Scroll of Town Portal | 3 | |
| Lesser Clarity Potion | 4 | |
| Potion of Healing | 1 | |
| Boots of Speed | 1 | |
| Potion of Lesser Invulnerability | 1 | |
20 total
N0rthrend (
red | 66 APM | 3591 actions | 54:25)
5 Archmage
2 Summon Water Elemental
2 Brilliance Aura
1 Blizzard
4 Blood Mage
2 Flame Strike
2 Banish
1 Mountain King
1 Storm Bolt
» actions
| Assign group hotkey | 74 | |
| Basic commands | 346 | |
| Build / train | 198 | |
| ESC pressed | 9 | |
| Enter build submenu | 69 | |
| Enter hero's abilities submenu | 10 | |
| Give item / drop item | 13 | |
| Remove unit from queue | 1 | |
| Right click | 1014 | |
| Select / deselect | 644 | |
| Select group hotkey | 914 | |
| Use ability | 299 | |
3591 total
» units
| Peasant | 13 | |
| Footman | 3 | |
| Rifleman | 12 | |
| Goblin Shredder | 4 | |
| Sorceress | 1 | |
| Spell Breaker | 2 | |
| Gryphon Rider | 3 | |
| Priest | 2 | |
40 total
» upgrades
| Swords | 3 | |
| Masonry | 3 | |
| Gunpowder | 3 | |
| Long Rifles | 1 | |
| Sorceress Training | 2 | |
| Armor | 3 | |
| Storm Hammers | 1 | |
| Cloud | 1 | |
| Priest Training | 2 | |
| Plating | 3 | |
| Barrage | 1 | |
| Fragmentation Shards | 1 | |
| Flak Cannons | 1 | |
| Flying Machine Bombs | 1 | |
26 total
» buildings
| Altar of Kings | 1 | |
| Farm | 10 | |
| Barracks | 2 | |
| Lumber Mill | 1 | |
| Arcane Vault | 2 | |
| Blacksmith | 1 | |
| Keep | 2 | |
| Town Hall | 1 | |
| Scout Tower | 36 | |
| Guard Tower | 63 | |
| Castle | 3 | |
| Arcane Sanctum | 3 | |
| Gryphon Aviary | 4 | |
| Workshop | 4 | |
133 total
» build order
00:52 Altar of Kings
00:54 Farm
01:01 Farm
01:05 Barracks
01:35 Lumber Mill
01:38 Farm
01:52 Arcane Vault
02:17 Farm
02:48 Blacksmith
03:56 Keep
03:56 Keep
05:05 Town Hall
06:33 Scout Tower
06:33 Scout Tower
06:34 Scout Tower
06:35 Scout Tower
07:13 Guard Tower
07:14 Guard Tower
07:14 Guard Tower
07:14 Guard Tower
07:15 Guard Tower
07:15 Guard Tower
07:15 Guard Tower
07:18 Guard Tower
07:18 Guard Tower
07:18 Guard Tower
08:17 Castle
08:17 Castle
08:18 Castle
08:21 Scout Tower
08:22 Scout Tower
08:23 Scout Tower
08:26 Arcane Sanctum
08:39 Farm
08:42 Farm
08:57 Guard Tower
10:16 Scout Tower
10:17 Scout Tower
10:18 Scout Tower
10:20 Scout Tower
10:24 Scout Tower
10:27 Farm
10:51 Guard Tower
10:51 Guard Tower
10:51 Guard Tower
10:52 Guard Tower
11:04 Guard Tower
11:04 Guard Tower
11:04 Guard Tower
14:31 Scout Tower
14:32 Scout Tower
14:32 Scout Tower
14:33 Scout Tower
14:34 Scout Tower
14:38 Scout Tower
14:39 Scout Tower
14:40 Scout Tower
14:42 Scout Tower
14:43 Scout Tower
14:49 Scout Tower
14:51 Scout Tower
15:09 Guard Tower
15:11 Guard Tower
15:11 Guard Tower
15:11 Guard Tower
15:12 Guard Tower
15:13 Guard Tower
15:13 Guard Tower
15:23 Guard Tower
15:23 Guard Tower
15:24 Guard Tower
15:31 Guard Tower
15:32 Guard Tower
15:49 Gryphon Aviary
15:50 Gryphon Aviary
15:52 Gryphon Aviary
15:54 Gryphon Aviary
21:30 Workshop
21:32 Workshop
21:34 Workshop
21:36 Workshop
21:44 Arcane Sanctum
21:46 Arcane Sanctum
21:50 Barracks
26:56 Arcane Vault
30:44 Scout Tower
30:45 Scout Tower
30:46 Scout Tower
30:47 Scout Tower
30:55 Scout Tower
31:01 Scout Tower
31:02 Scout Tower
31:20 Guard Tower
31:21 Guard Tower
31:21 Guard Tower
31:27 Guard Tower
31:27 Guard Tower
31:28 Guard Tower
31:28 Guard Tower
31:28 Guard Tower
31:29 Guard Tower
32:36 Farm
32:37 Farm
32:37 Guard Tower
32:38 Guard Tower
32:39 Guard Tower
32:39 Guard Tower
32:39 Guard Tower
37:12 Scout Tower
37:13 Scout Tower
37:13 Scout Tower
37:16 Scout Tower
37:19 Farm
37:21 Scout Tower
37:53 Guard Tower
37:54 Guard Tower
37:54 Guard Tower
» items
| Scroll of Regeneration | 6 | |
| Mechanical Critter | 3 | |
| Periapt of Vitality | 2 | |
| Staff of Teleportation | 3 | |
| Potion of Invisibility | 3 | |
| Tome of Retraining | 1 | |
| Pendant of Energy | 3 | |
| Gloves of Haste | 3 | |
| Staff of Sanctuary | 1 | |
| Claws of Attack +9 | 1 | |
| Mana Stone | 2 | |
| Scroll of Town Portal | 3 | |
| Lesser Clarity Potion | 3 | |
| Potion of Healing | 2 | |
| Potion of Greater Mana | 1 | |
| Boots of Speed | 1 | |
| Circlet of Nobility | 1 | |
| Talisman of Evasion | 1 | |
| Ring of Regeneration | 1 | |
41 total
DeliciouS10 (
purple | 51 APM | 1242 actions | 24:09)
5 Archmage
2 Summon Water Elemental
3 Brilliance Aura
3 Blood Mage
1 Flame Strike
2 Siphon Mana
» actions
| Assign group hotkey | 17 | |
| Basic commands | 70 | |
| Build / train | 101 | |
| Enter build submenu | 39 | |
| Enter hero's abilities submenu | 8 | |
| Remove unit from queue | 2 | |
| Right click | 341 | |
| Select / deselect | 576 | |
| Select group hotkey | 4 | |
| Use ability | 84 | |
1242 total
» units
| Peasant | 20 | |
| Footman | 6 | |
| Goblin Shredder | 1 | |
| Mortar Team | 8 | |
| Priest | 5 | |
| Sorceress | 4 | |
| Knight | 9 | |
| Gryphon Rider | 7 | |
| Flying Machine | 1 | |
61 total
» upgrades
| Masonry | 1 | |
| Lumber Harvesting | 1 | |
| Sorceress Training | 2 | |
| Priest Training | 2 | |
| Animal War Training | 3 | |
| Storm Hammers | 1 | |
| Swords | 1 | |
| Armor | 1 | |
12 total
» buildings
| Altar of Kings | 1 | |
| Farm | 10 | |
| Barracks | 1 | |
| Scout Tower | 14 | |
| Arcane Tower | 1 | |
| Lumber Mill | 1 | |
| Town Hall | 1 | |
| Guard Tower | 10 | |
| Keep | 1 | |
| Blacksmith | 1 | |
| Arcane Vault | 1 | |
| Castle | 1 | |
| Workshop | 2 | |
| Arcane Sanctum | 1 | |
| Gryphon Aviary | 1 | |
47 total
» build order
00:09 Altar of Kings
00:11 Farm
00:30 Barracks
00:51 Farm
02:10 Farm
02:14 Scout Tower
02:46 Arcane Tower
02:54 Lumber Mill
04:06 Scout Tower
04:08 Scout Tower
04:30 Scout Tower
04:47 Town Hall
04:57 Scout Tower
05:08 Farm
05:13 Scout Tower
05:15 Scout Tower
05:17 Guard Tower
05:34 Guard Tower
05:46 Guard Tower
05:48 Guard Tower
06:06 Guard Tower
06:08 Scout Tower
06:49 Keep
06:59 Blacksmith
07:07 Arcane Vault
07:16 Guard Tower
07:26 Scout Tower
07:29 Farm
07:30 Farm
07:32 Scout Tower
07:47 Scout Tower
07:49 Scout Tower
07:51 Scout Tower
08:06 Guard Tower
08:18 Guard Tower
08:22 Guard Tower
08:26 Guard Tower
09:35 Castle
10:06 Workshop
10:41 Arcane Sanctum
11:37 Gryphon Aviary
11:49 Workshop
13:37 Farm
13:39 Farm
13:41 Farm
» items
| Scroll of Town Portal | 2 | |
| Potion of Healing | 1 | |
3 total
team 2 (loser)
beerii (
teal | 36 APM | 1644 actions | 46:10)
7 Archmage
3 Summon Water Elemental
3 Brilliance Aura
1 Mass Teleport
4 Paladin
2 Holy Light
2 Divine Shield
» actions
| Assign group hotkey | 8 | |
| Basic commands | 105 | |
| Build / train | 83 | |
| ESC pressed | 6 | |
| Enter build submenu | 57 | |
| Enter hero's abilities submenu | 12 | |
| Remove unit from queue | 1 | |
| Right click | 628 | |
| Select / deselect | 623 | |
| Select group hotkey | 9 | |
| Use ability | 111 | |
1644 total
» units
| Peasant | 30 | |
| Footman | 2 | |
| Rifleman | 8 | |
| Knight | 2 | |
| Priest | 4 | |
| Mortar Team | 2 | |
48 total
» upgrades
| Gunpowder | 2 | |
| Plating | 2 | |
| Lumber Harvesting | 2 | |
| Long Rifles | 1 | |
| Swords | 1 | |
| Priest Training | 2 | |
| Animal War Training | 1 | |
11 total
» buildings
| Altar of Kings | 3 | |
| Barracks | 2 | |
| Farm | 28 | |
| Blacksmith | 1 | |
| Scout Tower | 6 | |
| Arcane Tower | 1 | |
| Lumber Mill | 2 | |
| Guard Tower | 4 | |
| Keep | 1 | |
| Arcane Vault | 1 | |
| Town Hall | 3 | |
| Castle | 1 | |
| Arcane Sanctum | 1 | |
| Workshop | 1 | |
55 total
» build order
00:08 Altar of Kings
00:11 Barracks
00:17 Farm
00:37 Farm
02:01 Blacksmith
02:05 Scout Tower
02:12 Farm
02:43 Arcane Tower
02:48 Lumber Mill
02:56 Farm
03:36 Scout Tower
04:16 Guard Tower
04:28 Farm
05:04 Keep
05:15 Farm
05:17 Arcane Vault
06:32 Town Hall
07:04 Farm
07:34 Barracks
08:41 Castle
09:34 Scout Tower
09:35 Scout Tower
09:45 Arcane Sanctum
10:05 Guard Tower
10:23 Scout Tower
10:28 Scout Tower
10:55 Guard Tower
10:58 Guard Tower
14:34 Workshop
15:49 Farm
15:51 Farm
16:05 Farm
16:06 Farm
16:47 Farm
16:48 Farm
16:49 Farm
16:50 Farm
18:06 Farm
20:39 Farm
20:39 Farm
20:40 Farm
21:09 Town Hall
21:30 Farm
28:00 Altar of Kings
28:05 Altar of Kings
28:12 Lumber Mill
29:14 Farm
29:16 Farm
29:19 Farm
29:21 Farm
30:09 Farm
30:13 Farm
31:08 Farm
31:37 Farm
33:48 Town Hall
» items

»
soufusa (
green | 28 APM | 1173 actions | 41:45)
8 Demon Hunter
3 Immolation
3 Evasion
1 Metamorphosis
1 Mana Burn
» actions
| Assign group hotkey | 39 | |
| Basic commands | 3 | |
| Build / train | 84 | |
| Enter build submenu | 17 | |
| Enter hero's abilities submenu | 8 | |
| Give item / drop item | 1 | |
| Remove unit from queue | 4 | |
| Right click | 502 | |
| Select / deselect | 340 | |
| Select group hotkey | 73 | |
| Use ability | 102 | |
1173 total
» units
| Wisp | 18 | |
| Druid of the Claw | 16 | |
| Druid of the Talon | 20 | |
54 total
» upgrades
| Druid of the Claw Training | 2 | |
| Druid of the Talon Training | 2 | |
| Strength of the Wild | 3 | |
| Reinforced Hides | 3 | |
| Mark of the Claw | 1 | |
| Mark of the Talon | 1 | |
| Abolish Magic | 1 | |
13 total
» buildings
| Moon Well | 9 | |
| Altar of Elders | 1 | |
| Tree of Ages | 1 | |
| Hunter's Hall | 1 | |
| Ancient of Lore | 2 | |
| Ancient of Wind | 1 | |
| Tree of Life | 3 | |
| Tree of Eternity | 1 | |
19 total
» build order
00:07 Moon Well
00:31 Altar of Elders
01:57 Tree of Ages
02:01 Moon Well
02:16 Moon Well
02:23 Moon Well
03:04 Hunter's Hall
03:33 Moon Well
04:25 Ancient of Lore
04:28 Ancient of Wind
05:08 Tree of Life
05:46 Tree of Eternity
07:03 Moon Well
08:00 Ancient of Lore
12:08 Tree of Life
20:45 Moon Well
20:46 Moon Well
23:58 Moon Well
24:13 Tree of Life
» items
| Scroll of Regeneration | 1 | |
| Potion of Healing | 1 | |
2 total
Tranny_Legolas (
yellow | 53 APM | 2890 actions | 54:24)
8 Dark Ranger
3 Black Arrow
3 Life Drain
1 Silence
1 Charm
» actions
| Assign group hotkey | 58 | |
| Basic commands | 188 | |
| Build / train | 95 | |
| Enter build submenu | 62 | |
| Enter hero's abilities submenu | 10 | |
| Give item / drop item | 6 | |
| Remove unit from queue | 1 | |
| Right click | 1449 | |
| Select / deselect | 471 | |
| Select group hotkey | 348 | |
| Use ability | 202 | |
2890 total
» units
| Peon | 11 | |
| Grunt | 5 | |
| Goblin Shredder | 2 | |
| Goblin Zeppelin | 3 | |
| Goblin Sapper | 23 | |
| Troll Batrider | 2 | |
| Troll Witch Doctor | 3 | |
| Wind Rider | 1 | |
50 total
» upgrades
| Reinforced Defenses | 1 | |
| Ranged Weapons | 3 | |
| Armor | 3 | |
| Troll Regeneration | 1 | |
| Liquid Fire | 1 | |
| Witch Doctor Training | 1 | |
| Envenomed Spears | 1 | |
| Ensnare | 1 | |
| Pillage | 1 | |
13 total
» buildings
| Orc Burrow | 9 | |
| Altar of Storms | 1 | |
| Barracks | 5 | |
| Voodoo Lounge | 3 | |
| Stronghold | 1 | |
| Great Hall | 5 | |
| Fortress | 1 | |
| War Mill | 1 | |
| Watch Tower | 40 | |
| Beastiary | 6 | |
| Spirit Lodge | 1 | |
73 total
» build order
00:13 Orc Burrow
00:58 Altar of Storms
00:59 Barracks
01:11 Orc Burrow
01:40 Voodoo Lounge
02:54 Stronghold
03:41 Orc Burrow
04:36 Great Hall
05:42 Fortress
07:11 War Mill
08:34 Watch Tower
08:34 Watch Tower
08:35 Watch Tower
08:35 Watch Tower
08:49 Watch Tower
08:49 Watch Tower
08:51 Watch Tower
08:51 Watch Tower
08:52 Watch Tower
08:53 Watch Tower
08:53 Watch Tower
08:54 Watch Tower
09:42 Orc Burrow
10:16 Orc Burrow
10:42 Watch Tower
10:43 Watch Tower
10:44 Watch Tower
10:44 Watch Tower
16:35 Watch Tower
16:36 Watch Tower
16:37 Watch Tower
16:39 Watch Tower
16:40 Watch Tower
16:41 Watch Tower
17:42 Beastiary
17:42 Beastiary
17:43 Beastiary
17:45 Beastiary
17:45 Beastiary
18:01 Beastiary
18:17 Spirit Lodge
20:52 Watch Tower
21:11 Watch Tower
23:26 Great Hall
27:31 Watch Tower
27:31 Watch Tower
27:33 Watch Tower
27:46 Great Hall
27:48 Watch Tower
27:49 Watch Tower
27:49 Watch Tower
27:49 Watch Tower
27:54 Voodoo Lounge
27:56 Watch Tower
29:22 Watch Tower
29:23 Watch Tower
29:23 Watch Tower
29:27 Watch Tower
29:29 Watch Tower
29:29 Watch Tower
35:08 Voodoo Lounge
48:32 Great Hall
49:11 Barracks
49:11 Barracks
49:12 Barracks
49:13 Barracks
49:16 Orc Burrow
49:17 Orc Burrow
49:17 Orc Burrow
49:18 Orc Burrow
52:36 Great Hall
» items
| Staff of Teleportation | 1 | |
| Tome of Retraining | 1 | |
| Boots of Speed | 1 | |
| Healing Salve | 4 | |
| Scroll of Town Portal | 3 | |
| Periapt of Vitality | 2 | |
| Lesser Clarity Potion | 1 | |
| Potion of Healing | 1 | |
| Potion of Mana | 1 | |
| Potion of Invisibility | 1 | |
16 total
naruto-fanboy (
pink | 42 APM | 2264 actions | 54:24)
7 Blademaster
3 Wind Walk
3 Critical Strike
1 Bladestorm
» actions
| Assign group hotkey | 33 | |
| Basic commands | 149 | |
| Build / train | 80 | |
| Enter build submenu | 28 | |
| Enter hero's abilities submenu | 7 | |
| Give item / drop item | 9 | |
| Right click | 803 | |
| Select / deselect | 356 | |
| Select group hotkey | 672 | |
| Use ability | 127 | |
2264 total
» units
| Peon | 12 | |
| Goblin Shredder | 3 | |
| Wind Rider | 7 | |
| Goblin Sapper | 21 | |
43 total
» upgrades
| Ranged Weapons | 2 | |
| Armor | 2 | |
| Reinforced Defenses | 1 | |
| Envenomed Spears | 1 | |
| Liquid Fire | 1 | |
| Ensnare | 1 | |
8 total
» buildings
| Altar of Storms | 1 | |
| Orc Burrow | 6 | |
| War Mill | 1 | |
| Voodoo Lounge | 1 | |
| Watch Tower | 26 | |
| Great Hall | 1 | |
| Stronghold | 3 | |
| Beastiary | 3 | |
| Fortress | 2 | |
44 total
» build order
00:07 Altar of Storms
00:17 Orc Burrow
00:40 War Mill
01:14 Voodoo Lounge
01:52 Watch Tower
02:16 Watch Tower
02:42 Watch Tower
03:26 Great Hall
03:38 Orc Burrow
04:29 Stronghold
04:30 Stronghold
04:30 Stronghold
05:35 Watch Tower
05:36 Watch Tower
06:01 Orc Burrow
06:25 Watch Tower
06:52 Beastiary
06:53 Beastiary
07:09 Fortress
07:09 Fortress
07:18 Watch Tower
07:18 Watch Tower
07:19 Watch Tower
07:41 Watch Tower
08:48 Watch Tower
08:49 Watch Tower
08:50 Watch Tower
10:16 Beastiary
10:36 Watch Tower
11:27 Orc Burrow
11:27 Orc Burrow
12:25 Orc Burrow
13:37 Watch Tower
13:40 Watch Tower
13:42 Watch Tower
13:42 Watch Tower
15:01 Watch Tower
16:42 Watch Tower
16:43 Watch Tower
16:43 Watch Tower
16:50 Watch Tower
16:51 Watch Tower
17:05 Watch Tower
37:29 Watch Tower
» items
| Healing Salve | 4 | |
| Lesser Clarity Potion | 1 | |
| Staff of Teleportation | 1 | |
| Potion of Healing | 1 | |
| Scroll of Town Portal | 1 | |
| Potion of Lesser Invulnerability | 1 | |
| Orb of Lightning | 1 | |
| Tiny Great Hall | 1 | |
| Claws of Attack +9 | 2 | |
| Claws of Attack +6 | 1 | |
14 total
Chat log
(00:04 / Allies) DeliciouS10: haha
(00:04 / Allies) DuffaliciouS: d
(00:05 / Allies) DuffaliciouS: d
(00:08 / Allies) DuffaliciouS: delicious
(00:16 / Allies) DeliciouS10: duff is better
(00:18 / Allies) DuffaliciouS: im next to u
(00:24 / Allies) DuffaliciouS: we gonna kick ass haha
(00:31 / Allies) DuffaliciouS: i try to make a level 10 blademaster
(01:54 / Allies) DuffaliciouS: yup
(03:09 / Allies) DuffaliciouS: u got it
(03:11 / Allies) DuffaliciouS: its easy creep
(03:16 / Allies) DeliciouS10: ok
(07:03 / All) Tranny_Legolas: it's one thing to leech exp then take items
(07:07 / All) Tranny_Legolas: that don't evne suit ur hero
(07:07 / All) Tranny_Legolas: lol
(07:10 / Allies) DeliciouS10: thanks
(07:31 / Allies) DuffaliciouS: need to go buy healing items
(08:21 / Allies) DuffaliciouS: tough creeps on ur own eh
(08:33 / Allies) DuffaliciouS: skeletal beasts hehe
(08:37 / Allies) DeliciouS10: haha
(09:15 / Allies) DuffaliciouS: ty
(10:21 / Allies) DuffaliciouS: buy a shredder
(10:23 / Allies) DuffaliciouS: for wood
(11:13 / All) soufusa: fail
(11:26 / All) soufusa: mmmmm exp
(14:29 / Allies) DeliciouS10: coming
(14:40 / Allies) snakeplisken: red is noob dont worry bout it
(14:47 / Allies) N0rthrend: wat
(15:19 / All) Tranny_Legolas: raped
(15:20 / All) naruto-fanboy: FGGG
(16:47 / All) N0rthrend: raped lol
(17:35 / All) Tranny_Legolas: YOU KILLED MY FRIEND YOU MONSTER
(17:49 / All) Tranny_Legolas: LENNY THE SEA CREATURE
(17:52 / All) Tranny_Legolas: I WILL HAVE MY REVENGE
(18:10 / All) naruto-fanboy: ill let u live
(18:11 / All) naruto-fanboy: blue
(19:20 / All) soufusa: fuck out otta here
(19:21 / Allies) DuffaliciouS: efff
(19:23 / All) naruto-fanboy: damn yellow
(19:26 / All) naruto-fanboy: skellies out of nowhere
(19:28 / Allies) DuffaliciouS: thats game
(19:35 / All) Tranny_Legolas: lawl
(19:36 / All) Tranny_Legolas: lol
(19:47 / All) Tranny_Legolas: if the skellies don't finish it
(19:57 / Allies) N0rthrend: raped his hall
(20:15 / Allies) DuffaliciouS: red
(20:19 / Allies) DuffaliciouS: u gonna win this 1v4?
(21:14 / All) Tranny_Legolas: lol
(21:28 / All) Tranny_Legolas: I wanted to rape ur air orange
(21:32 / All) Tranny_Legolas: but you lost it before I go thte chance
(21:42 / All) DuffaliciouS: tahts what happens when blue dies for free and red only towers all game
(21:44 / All) naruto-fanboy: here blue
(21:46 / All) naruto-fanboy: hees a tp
(21:50 / All) Tranny_Legolas: lol
(21:55 / All) naruto-fanboy: blue there is a tp
(21:56 / All) Tranny_Legolas: you got rapeed by Siren Ghostsong
(22:16 / All) naruto-fanboy: wow
(22:18 / All) naruto-fanboy: i left blue a tp
(23:23 / All) Tranny_Legolas: U GOT RAPED BY SIREN GHOSTSONG AFK LEGOLAS AS A WOMAN
(23:35 / All) DuffaliciouS: how much gold would u guess red has right now
(23:46 / All) Tranny_Legolas: close 2 5k
(23:48 / All) DuffaliciouS: rofl
(23:50 / All) DuffaliciouS: almost 10k
(24:04 / All) Tranny_Legolas: WOW!
(24:08 / All) DuffaliciouS: he is rich
(24:13 / All) DuffaliciouS: but he is spending on more towers
(24:14 / All) naruto-fanboy: blue take tp
(24:17 / All) N0rthrend: i'm rich bitch
(24:26 / All) naruto-fanboy: hly shit blues dumb
(24:29 / All) DuffaliciouS: have fun kiling his buildings
(24:44 / All) Tranny_Legolas: SNAKE PLISSKEN?
(24:47 / All) Tranny_Legolas: BUT I THOT U WERE DEAD
(25:09 / All) N0rthrend: how's it feel getting raped by heroes teal
(25:26 / All) naruto-fanboy: wow teal got raped by 2 heroes wtf
(25:29 / All) Tranny_Legolas: RAPED
(25:47 / All) Tranny_Legolas: COWARD
(27:14 / All) N0rthrend: LOL TPING FROM MY HEROES
(27:43 / Allies) DuffaliciouS: can i have 200 gold red
(27:44 / All) naruto-fanboy: no problem
(27:46 / Allies) DuffaliciouS: for blademaster items?
(27:56 / Allies) N0rthrend: no
(28:14 / Allies) DuffaliciouS: k
(28:23 / All) naruto-fanboy: what did i do
(28:38 / Allies) N0rthrend: You're gonna eat shit faggot
(28:41 / Allies) DuffaliciouS: aww
(28:46 / Allies) DuffaliciouS: u couldnt spare 200 gold really red
(28:49 / Allies) DuffaliciouS: die ur heros
(28:52 / Allies) N0rthrend: No and I sure am glad I didn't now
(28:54 / Allies) N0rthrend: suck my dick bitch
(28:58 / Allies) N0rthrend: your her ois going to die with no way to rebuild it
(29:04 / Allies) DuffaliciouS: i was about to quit
(29:05 / Allies) DuffaliciouS: 10 mins ago
(29:08 / Allies) DuffaliciouS: now i will stay to fuck with u
(29:12 / All) naruto-fanboy: thought u were going afk lol
(29:14 / Allies) N0rthrend: you'll fail
(29:43 / Allies) N0rthrend: your ass is grass pal
(29:45 / All) naruto-fanboy: lawl
(29:49 / All) naruto-fanboy: green got owned!!!
(30:00 / All) naruto-fanboy: now i steal ur moonwell juice
(30:01 / All) N0rthrend: Orange demanded gold and I wouldn't give it
(30:05 / All) N0rthrend: so he killed my low hp heroes
(30:08 / All) N0rthrend: and now he has to die
(30:44 / Allies) DuffaliciouS: demanded?
(30:50 / Allies) N0rthrend: kill yourself
(30:52 / Allies) DuffaliciouS: u got 20 000 gold
(30:56 / Allies) DuffaliciouS: whine some more
(30:58 / Allies) N0rthrend: and you ain't gettin 1
(31:02 / Allies) DuffaliciouS: like a wittle babyeee
(31:13 / Allies) N0rthrend: you're the baby, don't get what you wnat so you go WAHHHHH
(31:14 / Allies) N0rthrend: and fail tk
(31:20 / Allies) DuffaliciouS: fail tk
(31:23 / Allies) DuffaliciouS: i killed 2 heros
(31:24 / All) Tranny_Legolas: SNAKE PLISSKIN
(31:25 / Allies) N0rthrend: you got my heroes sissy
(31:26 / All) Tranny_Legolas: I HEARD U WERE DEAD
(31:26 / Allies) N0rthrend: that's it
(31:32 / Allies) DuffaliciouS: all i have is 1 hero
(31:48 / Allies) DuffaliciouS: boom
(31:52 / Allies) N0rthrend: wow grats you got a tower
(31:56 / Allies) DuffaliciouS: two
(32:14 / Allies) DuffaliciouS: run
(32:17 / Allies) N0rthrend: eat shit
(32:18 / Allies) N0rthrend: you run
(32:20 / All) Tranny_Legolas: HEY MAN
(32:23 / All) Tranny_Legolas: HEY SNAKE
(32:25 / All) Tranny_Legolas: I HEARD U WERE DEAD
(32:33 / Allies) N0rthrend: running, bitch?
(32:51 / All) naruto-fanboy: cant believe only one person has left so far
(33:07 / Allies) DuffaliciouS: pussy
(33:08 / Allies) DuffaliciouS: running away
(33:14 / Allies) N0rthrend: You ran away LOL
(33:45 / All) Tranny_Legolas: puss
(33:48 / Allies) DuffaliciouS: tower number 3
(34:08 / Allies) DuffaliciouS: feel that healing power
(34:18 / Allies) DuffaliciouS: run bitch
(34:19 / Allies) DuffaliciouS: run
(34:23 / Allies) N0rthrend: what am I running from lol
(34:26 / Allies) DuffaliciouS: me
(34:26 / Allies) N0rthrend: you're running
(34:32 / Allies) DuffaliciouS: u ran back to towers
(34:33 / Allies) DuffaliciouS: like always
(34:34 / Allies) N0rthrend: no...
(34:38 / Allies) N0rthrend: I'm not chasing you, retard
(34:38 / Allies) DuffaliciouS: tower camper
(34:44 / All) beerii: is this wow
(34:57 / Allies) DuffaliciouS: run run run
(35:05 / Allies) N0rthrend: I'm not running from anything, you're a retard
(35:14 / Allies) DuffaliciouS: sure u r
(35:27 / Allies) N0rthrend: run
(35:32 / Allies) N0rthrend: run run
(35:48 / Allies) DuffaliciouS: run
(35:55 / Allies) N0rthrend: RUN
(35:58 / All) N0rthrend: HAHA
(35:58 / All) Tranny_Legolas: lawl
(36:14 / All) Tranny_Legolas: he must not have noticed that my towers were still attacking him
(36:16 / All) Tranny_Legolas: invis'd lol
(36:29 / All) N0rthrend: I whispered him
(36:34 / All) N0rthrend: and told him he got raped and ran from the game
(36:40 / All) N0rthrend: he kept saying "run" when I wouldn't chase him
(36:44 / All) N0rthrend: yet was running from me
(37:59 / All) Tranny_Legolas: aww man
(38:12 / All) Tranny_Legolas: why u do dat
(41:13 / All) N0rthrend: wtf teal has an army
(41:52 / All) Tranny_Legolas: it's okay my crack troops are on the job
(43:19 / All) Tranny_Legolas: I thot jake would handle it since he had shit
(44:25 / All) Tranny_Legolas: lawl
(44:28 / All) beerii: lol
(44:34 / All) Tranny_Legolas: my e didn't work
(44:54 / All) Tranny_Legolas: oh lawl
(44:56 / All) Tranny_Legolas: for some reason
(44:59 / All) Tranny_Legolas: I thought that workedo n allies
(45:19 / All) Tranny_Legolas: wtf
(45:21 / All) naruto-fanboy: lawl
(45:22 / All) naruto-fanboy: hax
(45:41 / All) naruto-fanboy: this is the greatest 4 unit battle ever
(46:05 / All) Tranny_Legolas: lawl
(46:06 / All) Tranny_Legolas: but I think I clicked ground
(46:10 / All) Tranny_Legolas: DROP HACKER
(46:16 / All) Tranny_Legolas: GODDAMNIT
(46:19 / All) naruto-fanboy: gonna watch tv for a bit after this. will be back in like hour
(46:33 / All) N0rthrend: DROPHACKER
(46:34 / All) Tranny_Legolas: WTF U DOING SNAKE
(46:36 / All) N0rthrend: HACKER ALERT
(46:59 / All) Tranny_Legolas: I don't know why I thought silence worked on allies lawl
(47:01 / All) Tranny_Legolas: that threw me off
(47:16 / All) Tranny_Legolas: I thought it was AOE for some reason
(47:29 / All) Tranny_Legolas: only 1 on ur side left
(47:46 / All) Tranny_Legolas: rod
(50:47 / All) Tranny_Legolas: I didn't know that when ranger steals unit
(50:51 / All) Tranny_Legolas: it loses upgrades
(50:58 / All) N0rthrend: that's pretty lame
(51:11 / All) Tranny_Legolas: is this a relatively new balance thin
(51:45 / All) Tranny_Legolas: I didn't get to have too much fun with high level ranger
(53:43 / All) N0rthrend: not sure where last building is
(53:57 / All) Tranny_Legolas: I see it
(53:59 / All) N0rthrend: oh found it
(54:03 / All) Tranny_Legolas: purple farm